 Dungeon Crawl Stone Soup version 0.27.1 (webtiles) character file.

Game seed: 13070238486310381483

331 zdrol the Slasher (level 6, -14/56 HPs)
             Began as a Minotaur Fighter on Sept 5, 2021.
             Demolished by Duvessa (17 damage)
             ... on level 3 of the Dungeon.
             The game lasted 00:13:15 (3757 turns).

zdrol the Slasher (Minotaur Fighter)                Turns: 3757, Time: 00:13:18

Health: -14/56     AC:  9    Str: 22    XL:     6   Next: 26%
Magic:  14/14      EV:  6    Int:  5    God:
Gold:   150        SH:  9    Dex: 10    Spells: 4/5 levels left

rFire    . . .     SeeInvis .   s - +3 flail
rCold    . . .     Faith    .   c - +0 kite shield
rNeg     . . .     Spirit   .   u - +0 chain mail
rPois    .         Reflect  .   (helmet restricted)
rElec    .         Harm     .   (no cloak)
rCorr    .         Rampage  .   (no gloves)
Will     .....                  (no boots)
Stlth    ..........             (no amulet)
HPRegen  0.18/turn              l - ring of magical power
MPRegen  0.14/turn              (no ring)

@: no status effects
A: horns 2, retaliatory headbutt
a: no special abilities


You were on level 3 of the Dungeon.
You visited 1 branch of the dungeon, and saw 4 of its levels.

You collected 150 gold pieces.

Inventory:

Hand Weapons
 a - a +0 long sword
 s - a +3 flail (weapon)
Missiles
 k - 4 javelins (quivered)
Armour
 c - a +0 kite shield (worn)
 u - a +0 chain mail (worn)
Jewellery
 l - a ring of magical power (left hand)
Scrolls
 i - a scroll of fog {unknown}
 j - a scroll of fear
 m - a scroll of torment {unknown}
 n - a scroll of enchant armour {unknown}
 o - a scroll of enchant weapon {unknown}
 p - a scroll of holy word {unknown}
 r - 3 scrolls of identify
Potions
 d - 3 potions of might
 e - 2 potions of brilliance
 f - a potion of magic {unknown}
 g - a potion of cancellation {unknown}
 h - a potion of berserk rage {unknown}
 q - a potion of heal wounds {unknown}
 t - a potion of ambrosia {unknown}


   Skills:
 + Level 5.0 Fighting
 + Level 5.1 Long Blades
 + Level 4.9 Armour
 + Level 1.3 Dodging
 + Level 1.0 Stealth
 + Level 4.5 Shields
 + Level 0.1 Spellcasting


You had 4 spell levels left.
You knew the following spells:

 Your Spells              Type           Power      Damage    Failure   Level
a - Magic Dart            Conj           0%         1d3       100%        1

Your spell library contained the following spells:

 Spells                   Type           Power      Damage    Failure   Level
 Searing Ray              Conj           0%         3d3       100%        2
 Slow                     Hex            0%         N/A       100%        2
 Confusing Touch          Hex            0%         N/A       100%        3
 Frozen Ramparts          Ice            0%         1d2       100%        3
 Vampiric Draining        Necr           0%         2d6       100%        3
 Fulminant Prism          Conj/Hex       0%         3d6       100%        4
 Ice Form                 Ice/Tmut       0%         N/A       100%        4
 Summon Ice Beast         Ice/Summ       0%         N/A       100%        4


Dungeon Overview and Level Annotations

Branches:
Dungeon (4/15)
 Temple: D:4-7

Altars:
Elyvilon
Sif Muna
Xom

Annotations:
D:3 Duvessa


Innate Abilities, Weirdness & Mutations

You have a pair of horns on your head.
You reflexively headbutt those who attack you in melee.


Message History

You continue putting on your +0 chain mail. x5
You finish putting on your +0 chain mail.
Drop what? 21/52 slots (_ for help) (? for menu, Esc to quit)
You drop a +0 scale mail.
Done exploring.
Really walk into that teleport trap?
You enter a teleport trap!
The teleport trap disappears.
Your surroundings suddenly seem different.
Items here: )) [[.
There is a stone staircase leading down here.
You climb downwards.
Dowan shouts!
The hobgoblin shouts!
The goblin shouts!
There is a stone staircase leading up here.
You thump Dowan!
Dowan is heavily wounded.
Dowan hits you but does no damage.
An endoplasm comes into view.
The endoplasm quivers.
You sock Dowan! You headbutt Dowan.
You kill Dowan!
Duvessa screams in rage.
Duvessa goes berserk!
Your Fighting skill increases to level 5!
You block Duvessa's attack.
Duvessa hits you with a +4 rapier of electrocution.
The goblin hits you but does no damage.
You climb upwards.
There is a stone staircase leading down here.
You sock the goblin!
You kill the goblin!
Duvessa hits you with a +4 rapier of electrocution!
You are electrocuted!
Duvessa hits you with a +4 rapier of electrocution!
You sock Duvessa!
Duvessa is lightly wounded.
Duvessa closely misses you. You block Duvessa's attack.
Duvessa hits you with a +4 rapier of electrocution!
* * * LOW HITPOINT WARNING * * *
You are electrocuted!
You die...

.# #...###...##.#.#..# #.# # ##
#............#.#..# #.# #
#....#######.#.#..# #.# #
#............#.#..# #.# #
############.#.#..# #.# #
#.#.#..########.### #####
#.#.#..#........... #...#
#.e....#.######.### #...#
#.@)...#.....##.# #######...#
#....#.#..#.....# .....##...#
#....#.#..#..#### ###...#...#
#.#.##.#..#...#####
.###..#...#####.#.##.#..#........
####.........##.#.##.##.....#####
##.#.##...##.##.#.....)##.#.#####
#..#.........##......#.##.......#
...'..################.####.###>#


You could see Duvessa (berserk).

Vanquished Creatures
  Dowan (D:4)
  An orc priest (D:3)
  Jessica (D:3)
  2 orc wizards (D:3)
  A gnoll (D:3)
  8 adders
  2 dart slugs
  10 orcs (D:3)
  5 ball pythons
  3 bats
  7 endoplasms
  2 giant cockroaches
  9 goblins
  4 hobgoblins
  4 jackals (D:3)
  5 quokkas
  4 frilled lizards
  4 kobolds (D:2)
  12 rats
85 creatures vanquished.

Notes
Turn   | Place    | Note
-------+----------+-------------------------------------------
     0 | D:1      | zdrol the Minotaur Fighter began the quest for the Orb.
     0 | D:1      | Reached XP level 1. HP: 19/19 MP: 0/0
   173 | D:1      | Reached XP level 2. HP: 27/27 MP: 1/1
   455 | D:1      | Learned a level 1 spell: Magic Dart
   638 | D:1      | Found a faded altar of an unknown god.
  1057 | D:2      | Reached XP level 3. HP: 27/33 MP: 2/2
  1256 | D:2      | Found a shimmering altar of Xom.
  1307 | D:2      | Reached XP level 4. HP: 17/40 MP: 3/3
  1775 | D:2      | Reached skill level 1 in Dodging
  1970 | D:2      | Reached skill level 1 in Stealth
  2426 | D:3      | Noticed Jessica
  2440 | D:3      | Killed Jessica
  2441 | D:3      | Reached XP level 5. HP: 18/46 MP: 4/4
  3074 | D:3      | Reached skill level 5 in Long Blades
  3074 | D:3      | Reached XP level 6. HP: 49/53 MP: 5/5
  3567 | D:3      | Found a white marble altar of Elyvilon.
  3567 | D:3      | Found a shimmering blue altar of Sif Muna.
  3751 | D:4      | Noticed Duvessa
  3751 | D:4      | Noticed Dowan
  3753 | D:4      | Killed Dowan
  3754 | D:4      | Reached skill level 5 in Fighting
  3757 | D:3      | Demolished by Duvessa

Illustrated notes

Levels and vault maps discovered:
D:1:      ncdulo_smallfort, layout_basic, ebering_ecumenical_altar_webs,
          minmay_rat_gold_closets
D:2:      layout_loops_ring, basic_altar
D:3:      layout_basic, gammafunk_temple_overflow_statue, minmay_quadrilaterals,
          uniq_jessica
D:4:      layout_cave_pools, nicolae_wu_jian_glorious_leap,
          jmf_multi_god_temple2, uniq_duvessa, uniq_robin

Skill      XL: |  1  2  3  4  5  6 |
---------------+-------------------+-----
Armour         | 4 |  4.9
Long Blades    | 3 4 5 |  5.1
Fighting       | 4 5 |  5.0
Shields        | 4 |  4.5
Dodging        | 1 |  1.3
Stealth        | 1 |  1.0
Spellcasting   | |  0.1

Action                   |  1- 3 |  4- 6 || total
-------------------------+-------+-------++-------
Melee: Long sword        |    87 |    96 ||   183
       Headbutt          |     9 |    18 ||    27
       Flail             |       |    28 ||    28
  Use: Scroll            |     4 |       ||     4
Armor: Scale mail        |    33 |    53 ||    86
       Chain mail        |       |     2 ||     2
Dodge: Dodged            |    21 |    46 ||    67
Block: Kite shield       |    45 |    72 ||   117
       Rpst.: Long sword |     4 |     8 ||    12
